AoeStats
← MiniColossus

Arena

509909542Analyzed
4v4 RM · 5d ago on Sep 28, 2026· 48m 49s· 8 players
Game mode
Random Map
Map size
Large (8 player)
Population
200
Speed
Normal
Resources
Standard
Victory
Conquest
Starting age
Dark Age
Ending age
Imperial Age
RankedLock teamsTeams togetherTeam positionsShared explorationLock speedFull tech treeHidden civsTurbo modeCheats
Victory
Defeat
🇳🇱 Bohemians · Netherlands
1146
+14
🇯🇵 Japanese · Japan
1142
+14
🇳🇱 Turks · Netherlands
1102
+17
🇰🇬 Hindustanis · Kyrgyzstan
1093
+16
🇬🇧 Saracens · United Kingdom
1118
-15
🇵🇦 Byzantines · Panama
1112
-16
🇪🇸 Berbers · Spain
1095
-15
🇬🇧 Franks · United Kingdom
1086
-15
P2Phantom
11:27 Feudal Age
13:30 Horse Collar
16:25 Castle Age
14:29 Fletching
14:41 Scale Mail Armor
15:59 Double-Bit Axe
18:32 Bow Saw
19:18 Loom
19:38 Squires
24:43 Forging
24:34 Padded Archer Armor
25:13 Elite Skirmisher
25:15 Pikeman
27:49 Heavy Plow
32:56 Wheelbarrow
35:16 Imperial Age
34:24 Leather Archer Armor
37:04 Chemistry
36:27 Elite Genitour
37:49 Iron Casting
38:29 Hand Cart
38:13 Gold Mining
38:14 Stone Mining
39:24 Chain Mail Armor
43:09 Two-Man Saw
43:02 Conscription
LUZrapa
11:37 Feudal Age
12:45 Loom
15:38 Castle Age
13:56 Horse Collar
15:21 Gold Mining
19:51 Gold Shaft Mining
19:44 Double-Bit Axe
21:23 Stone Mining
22:36 Wheelbarrow
22:44 Heavy Plow
25:13 Hand Cart
24:50 Loom
30:10 Imperial Age
28:13 Ballistics
28:30 Town Watch
28:52 Fletching
29:16 Scale Barding Armor
29:22 Forging
28:58 Treadmill Crane
30:02 Husbandry
30:13 Bloodlines
30:51 Chain Barding Armor
30:27 Bodkin Arrow
32:02 Chemistry
32:14 Iron Casting
32:31 Conscription
33:47 Crop Rotation
33:20 Bracer
33:56 Plate Barding Armor
33:33 Bow Saw
34:01 Siege Engineers
33:40 Heavy Camel Rider
34:35 Kasbah
34:21 Light Cavalry
35:23 Town Patrol
36:35 Blast Furnace
37:53 Padded Archer Armor
38:09 Maghrebi Camels
39:38 Caravan
41:10 Hussar
42:29 Leather Archer Armor
45:31 Masonry
45:32 Fortified Wall
47:41 Stone Shaft Mining
MiniColossus
10:14 Feudal Age
11:09 Loom
14:01 Castle Age
14:55 Double-Bit Axe
28:28 Bow Saw
31:31 Imperial Age
30:44 Scale Barding Armor
30:49 Forging
32:02 Cavalier
32:45 Husbandry
33:09 Chain Barding Armor
33:24 Iron Casting
34:28 Plate Barding Armor
33:42 Paladin
37:42 Blast Furnace
46:36 Light Cavalry
Danny
11:28 Feudal Age
15:35 Castle Age
14:34 Double-Bit Axe
16:06 Loom
17:49 Scale Barding Armor
21:13 Chain Barding Armor
26:32 Forging
27:17 Wheelbarrow
31:41 Imperial Age
29:54 Horse Collar
30:52 Heavy Plow
31:29 Iron Casting
36:13 Hand Cart
47:40 Pikeman
MIB Asterix
10:17 Feudal Age
12:56 Loom
12:56 Horse Collar
13:08 Double-Bit Axe
16:50 Castle Age
17:13 Wheelbarrow
17:59 Bow Saw
22:57 Fervor
23:32 Heavy Plow
25:15 Chemistry
24:18 Padded Archer Armor
24:55 Wagenburg Tactics
25:56 Hand Cart
25:56 Fletching
28:13 Leather Archer Armor
31:52 Imperial Age
29:27 Murder Holes
30:07 Bodkin Arrow
30:27 Fortified Wall
31:34 Ballistics
31:51 Masonry
32:09 Houfnice
34:05 Ring Archer Armor
34:03 Conscription
39:24 Pikeman
40:05 Squires
41:44 Two-Man Saw
40:48 Bracer
40:48 Scale Mail Armor
40:59 Forging
40:40 Halberdier
43:14 Siege Engineers
44:47 Bombard Tower
44:58 Architecture
44:27 Town Watch
44:59 Chain Mail Armor
45:19 Iron Casting
KJI
9:54 Feudal Age
13:58 Castle Age
12:26 Stone Mining
13:02 Double-Bit Axe
14:53 Horse Collar
19:08 Loom
19:59 Wheelbarrow
23:20 Gold Mining
24:18 Fletching
25:42 Bow Saw
28:45 Bodkin Arrow
32:34 Imperial Age
30:30 Forging
30:51 Yasama
31:22 Bodkin Arrow
31:35 Heavy Plow
33:07 Gold Shaft Mining
32:48 Scale Mail Armor
32:59 Forging
33:16 Guard Tower
33:13 Arrowslits
34:32 Two-Man Saw
33:35 Bracer
34:54 Keep
36:05 Conscription
36:13 Padded Archer Armor
36:29 Chain Mail Armor
36:36 Elite Skirmisher
38:28 Siege Engineers
38:54 Leather Archer Armor
39:09 Plate Mail Armor
38:51 Pikeman
40:59 Halberdier
42:04 Fortified Wall
42:16 Squires
46:45 Capped Ram
Roelofzen
12:43 Feudal Age
16:36 Castle Age
17:14 Double-Bit Axe
17:11 Horse Collar
18:48 Bow Saw
23:56 Heavy Plow
24:42 Wheelbarrow
24:05 Gold Mining
25:23 Stone Mining
26:09 Gold Shaft Mining
26:15 Hand Cart
25:47 Town Watch
26:19 Forging
26:14 Scale Barding Armor
30:20 Imperial Age
27:54 Treadmill Crane
28:37 Ballistics
28:24 Scale Barding Armor
28:54 Iron Casting
29:41 Chain Barding Armor
30:10 Bloodlines
30:00 Husbandry
32:28 Two-Man Saw
32:57 Plate Barding Armor
33:22 Blast Furnace
32:23 Padded Archer Armor
32:13 Fletching
32:36 Town Patrol
33:30 Conscription
33:11 Artillery
32:46 Heavy Camel Rider
34:17 Bombard Tower
Te0n
10:10 Feudal Age
10:41 Feudal Age
12:31 Double-Bit Axe
14:51 Castle Age
12:36 Horse Collar
16:01 Bow Saw
19:49 Wheelbarrow
19:20 Loom
20:59 Scale Barding Armor
21:04 Forging
20:48 Gold Mining
22:55 Gold Shaft Mining
23:38 Heavy Plow
23:39 Stone Mining
25:24 Hand Cart
25:33 Chain Barding Armor
25:48 Iron Casting
26:01 Stone Shaft Mining
26:42 Bloodlines
26:33 Husbandry
26:39 Padded Archer Armor
30:53 Ballistics
30:45 Fortified Wall
33:17 Imperial Age
31:09 Grand Trunk Road
33:20 Leather Archer Armor
32:57 Fletching
34:50 Plate Barding Armor
35:15 Blast Furnace
33:39 Heavy Camel Rider
34:24 Shatagni
34:44 Conscription
35:40 Chemistry
35:10 Town Watch
36:18 Imperial Camel Rider
38:58 Hoardings
39:47 Two-Man Saw
41:04 Ring Archer Armor
40:30 Bodkin Arrow
43:21 Town Patrol
43:24 Bracer
44:57 Masonry
44:42 Murder Holes
Connection lost

Rejoining the realm…

Still unreachable

The connection could not be restored.

Session expired

The server has moved on; the page needs a fresh start.